 Dungeon Crawl Stone Soup version 0.19-a0-1049-g462a813 (webtiles) character file.

44 epen the Grasshopper (level 3, -2/30 HPs)
             Began as a Ghoul Warper on July 31, 2016.
             Slain by a worm (9 damage)
             ... on level 2 of the Dungeon.
             The game lasted 00:02:04 (785 turns).

epen the Grasshopper (Ghoul Warper)                  Turns: 785, Time: 00:02:05

Health: -2/30      AC:  3    Str: 13 (15) XL:     3   Next: 62%
Magic:  5/5        EV: 11    Int:  5 (8)  God:
Gold:   35         SH:  0    Dex:  6 (8)  Spells: 2 memorised, 3 levels left

rFire  . . .     SeeInvis .       - Unarmed
rCold  + . .     Gourm    .     a - +0 leather armour
rNeg   + + +     Faith    .     (no shield)
rPois  ∞         Spirit   .     (no helmet)
rElec  .         Dismiss  .     (no cloak)
rCorr  .         Reflect  .     (no gloves)
SustAt .         Harm     .     (no boots)
MR     .....                    (no amulet)
Stlth  +.........               (no ring)
                                (no ring)

@: rotting, not resistant to hostile enchantments, very unstealthy
A: rotting body, claws 1, carnivore 3, cold resistance 1, negative energy
resistance 3, slow regeneration 1, torment resistance, unbreathing
a: no special abilities


You were on level 2 of the Dungeon.
You were not hungry.

You visited 1 branch of the dungeon, and saw 2 of its levels.

You collected 35 gold pieces.

Inventory:

Missiles
 d - 5 tomahawks of dispersal (quivered)
Armour
 a - a +0 leather armour (worn)
Scrolls
 c - a scroll of blinking
 i - 2 scrolls of identify {unknown}
 k - a scroll of teleportation {unknown}
 l - a scroll of fear {unknown}
Potions
 e - a potion of degeneration
 h - a potion of resistance {unknown}
 j - a potion of flight {unknown}
 n - 2 potions of cure mutation {unknown}
Books
 b - a book of Spatial Translocations

   Spells                             Type                      Level
   a - Apportation                    Translocation                1
   b - Blink                          Translocation                2
   c - Shroud of Golubria             Charms/Translocation         2
   d - Portal Projectile              Translocation                3
   e - Teleport Other                 Translocation                3
   f - Passage of Golubria            Translocation                4
Comestibles
 f - a meat ration
 g - 2 chunks of flesh
 m - a slice of pizza


   Skills:
 + Level 2.4 Fighting
 + Level 1.2 Throwing
 + Level 1.1 Armour
 + Level 2.1 Dodging
 + Level 2.4 Unarmed Combat
 * Level 2.3 Spellcasting
 * Level 3.0 Translocations


You had 3 spell levels left.
You knew the following spells:

 Your Spells              Type           Power        Failure   Level  Hunger
a - Apportation           Tloc           #.........   17%         1    ##.....
b - Blink                 Tloc           N/A          24%         2    ###....


Dungeon Overview and Level Annotations

Branches:
Dungeon (2/15)

Altars:
Ashenzari


Innate Abilities, Weirdness & Mutations

Your body is rotting away.
You thrive on raw meat.
You are immune to poison.
You have sharp fingernails.
You are carnivorous and can eat meat at any time.
Your flesh is cold resistant. (rC+)
You are immune to negative energy. (rN+++)
You regenerate slowly when monsters are visible.
You are immune to unholy pain and torment.
You can survive without breathing.


Message History

You barely miss the worm.
The worm is heavily wounded.
The worm closely misses you.
You scratch the worm but do no damage.
The worm is heavily wounded.
The worm bites you!
You scratch the worm but do no damage.
The worm is heavily wounded.
You scratch the worm.
The worm is almost dead.
The worm bites you!
* * * LOW HITPOINT WARNING * * *
You are too injured to fight recklessly!
You are too injured to fight recklessly!
Your leather armour prevents you from hitting the worm.
The worm is severely wounded.
You scratch the worm but do no damage.
The worm is severely wounded.
The worm bites you!
You die...

.# #.#
#####.#
..##.#
##w##.#####
#.@##.....#
#.....##
#......# #
#..##..#.#
##.##.<#)#
#.......#
.######.###
........#
.######.#


You could see a worm.

Vanquished Creatures
  An adder (D:2)
  A dart slug (D:1)
  6 bats (D:1)
  6 goblins
  4 hobgoblins
  2 jackals (D:2)
  4 giant newts
  4 kobolds
  5 rats (D:1)
33 creatures vanquished.

Notes
Turn   | Place    | Note
-------+----------+-------------------------------------------
     0 | D:1      | epen the Ghoul Warper began the quest for the Orb.
     0 | D:1      | Reached XP level 1. HP: 17/17 MP: 2/2
    80 | D:1      | Reached skill level 1 in Throwing
    86 | D:1      | Reached XP level 2. HP: 15/24 MP: 3/3
   130 | D:1      | Reached skill level 1 in Armour
   429 | D:1      | Learned a level 2 spell: Blink
   447 | D:1      | Reached XP level 3. HP: 24/30 MP: 5/5
   664 | D:2      | Found a shattered altar of Ashenzari.
   719 | D:2      | HP: 1/30 [kobold/dagger (4)]
   731 | D:2      | Reached skill level 3 in Translocations
   785 | D:2      | Slain by a worm

Vault maps used:
D:1:      dpeg_arrival_simpleton_c
D:2:      minmay_fountain_box, evilmike_ruin_ashenzari

Skill      XL: |  1  2  3 |
---------------+----------+-----
Throwing       | 1 |  1.2
Armour         | 1 |  1.1
Spellcasting   | 2 |  2.3
Dodging        | 2 |  2.1
Translocations | 3 |  3.0
Fighting       | |  2.4
Unarmed Combat | |  2.4

Action                   || total
-------------------------++-------
Melee: Unarmed           ||   119
       Punch             ||     1
  Use: Potion            ||     2
  Eat: Chunk             ||     8
Armor: Leather armour    ||    35
Dodge: Dodged            ||    62
